ORI
COASTAL CAROLINA UNIVERSITY CHANTICLEERS @ LOUISIANA STATE UNIVERSITY TIGERS
12/07/2045
 
TOP OF THE 1ST
Visalia Rawhide batting - Pitching for Modesto Nuts : LHP Cody Kane
Pitching: LHP Cody Kane
Batting: RHB Mike Dagley 0-0: Ground out 4-3 (Groundball, 4, EV 82.5 MPH)
Batting: RHB Cody Anderson 0-0: DOUBLE (Flyball, 78D, EV 105.0 MPH)
Batting: LHB Phil Lomax 0-0: Ball
1-0: Called Strike
1-1: Ground out U3 (Groundball, 3, EV 103.1 MPH)
Cody Anderson to third
Batting: RHB Jose Garcia 0-0: Ball
1-0: Ball
2-0: Ball
3-0: Base on Balls
Batting: LHB Juan Gonzalez 0-0: Foul Ball, location: 2F
0-1: Ball
1-1: SINGLE (Flyball, 5D, EV 96.9 MPH)
Cody Anderson scores
Jose Garcia to second
Batting: RHB Bill Hainey 0-0: Swinging Strike
0-1: Ball
1-1: Foul Ball, location: 2F
1-2: Strikes out swinging
Top of the 1st over - 1 run, 2 hits, 0 errors, 2 left on base; Visalia 1 - Modesto 0
BOTTOM OF THE 1ST
Modesto Nuts batting - Pitching for Visalia Rawhide : RHP Matt Hamm
Pitching: RHP Matt Hamm
Batting: LHB Juan Marin 0-0: Ball
1-0: Ball
2-0: Swinging Strike
2-1: Ball
3-1: Swinging Strike
3-2: Base on Balls
Batting: RHB Emil Wilbrink 0-0: Ball
1-0: Called Strike
Juan Marin steals 2nd base
1-1: Ball
2-1: Foul Ball, location: 2F
2-2: Ball
3-2: Base on Balls
Batting: RHB Andy Flaherty 0-0: Called Strike
0-1: Grounds into double play, 6-4-3 (Groundball, 6, EV 102.5 MPH)
Juan Marin to third
Batting: RHB Tanner Beachler 0-0: Fly out, F2 (Popup, 23F, EV 85.6 MPH)
Bottom of the 1st over - 0 runs, 0 hits, 0 errors, 1 left on base; Visalia 1 - Modesto 0
TOP OF THE 2ND
Visalia Rawhide batting - Pitching for Modesto Nuts : LHP Cody Kane
Batting: RHB Keith Turner 0-0: Called Strike
0-1: Swinging Strike
0-2: Foul Ball, location: 2F
0-2: Ball
1-2: Ball
2-2: Foul Ball, location: 2F
2-2: Foul Ball, location: 2F
2-2: Strikes out swinging
Batting: RHB Mike States 0-0: Ball
1-0: Ball
2-0: Ground out 6-3 (Groundball, 6, EV 99.4 MPH)
Batting: RHB Matt Hamm 0-0: Ball
1-0: Fly out, F9 (Flyball, 9S, EV 78.1 MPH)
Top of the 2nd over - 0 runs, 0 hits, 0 errors, 0 left on base; Visalia 1 - Modesto 0
BOTTOM OF THE 2ND
Modesto Nuts batting - Pitching for Visalia Rawhide : RHP Matt Hamm
Batting: RHB Hidenori Teshima 0-0: Ball
1-0: Ball
2-0: Called Strike
2-1: Ball
3-1: Base on Balls
Batting: RHB Tom Caruso 0-0: Ball
1-0: Ball
Hidenori Teshima steals 2nd base
2-0: Called Strike
2-1: Ground out 5-3 (Groundball, 56S, EV 93.1 MPH)
Batting: LHB Josh Pilz 0-0: Ball
1-0: Called Strike
1-1: Foul Ball, location: 2F
1-2: Ball
2-2: 2-RUN HOME RUN (Flyball, 9D, EV 111.3 MPH), Distance : 348 ft
Batting: RHB Julio Carias 0-0: Ball
1-0: Foul Ball, location: 2F
1-1: Swinging Strike
1-2: Strikes out swinging
Batting: LHB Cody Kane 0-0: Ball
1-0: Ball
2-0: Ball
3-0: Called Strike
3-1: Foul Ball, location: 2F
3-2: Base on Balls
Batting: LHB Juan Marin 0-0: Called Strike
0-1: Ground out 4-3 (Groundball, 4D, EV 102.5 MPH)
Bottom of the 2nd over - 2 runs, 1 hit, 0 errors, 1 left on base; Visalia 1 - Modesto 2
TOP OF THE 3RD
Visalia Rawhide batting - Pitching for Modesto Nuts : LHP Cody Kane
Batting: RHB Mike Dagley 0-0: Ground out 1-3 (Groundball, 13, EV 73.1 MPH)
Batting: RHB Cody Anderson 0-0: Called Strike
0-1: Called Strike
0-2: Strikes out swinging
Batting: LHB Phil Lomax 0-0: Called Strike
0-1: Called Strike
0-2: Ball
1-2: Strikes out swinging
Top of the 3rd over - 0 runs, 0 hits, 0 errors, 0 left on base; Visalia 1 - Modesto 2
BOTTOM OF THE 3RD
Modesto Nuts batting - Pitching for Visalia Rawhide : RHP Matt Hamm
Batting: RHB Emil Wilbrink 0-0: Ball
1-0: Ball
2-0: Called Strike
2-1: Ground out 6-3 (Groundball, 6, EV 88.1 MPH)
Batting: RHB Andy Flaherty 0-0: Ball
1-0: Ball
2-0: Called Strike
2-1: Ball
3-1: Called Strike
3-2: Foul Ball, location: 2F
3-2: Foul Ball, location: 2F
3-2: Foul Ball, location: 2F
3-2: SINGLE (Line Drive, 6MD, EV 101.3 MPH)
Batting: RHB Tanner Beachler 0-0: Ball
1-0: SINGLE (Line Drive, 4MD, EV 97.5 MPH)
Andy Flaherty to second
Batting: RHB Hidenori Teshima 0-0: Called Strike
0-1: Ball
1-1: Ball
2-1: Grounds into double play, 4-6-3 (Groundball, 4, EV 81.3 MPH)
Bottom of the 3rd over - 0 runs, 2 hits, 0 errors, 1 left on base; Visalia 1 - Modesto 2
TOP OF THE 4TH
Visalia Rawhide batting - Pitching for Modesto Nuts : LHP Cody Kane
Batting: RHB Jose Garcia 0-0: Foul Ball, location: 2F
0-1: Called Strike
0-2: Strikes out looking
Batting: LHB Juan Gonzalez 0-0: Ball
1-0: Ball
2-0: Foul Ball, location: 2F
2-1: Swinging Strike
2-2: Ground out 1-3 (Groundball, 13S, EV 68.8 MPH)
Batting: RHB Bill Hainey 0-0: Ball
1-0: Swinging Strike
1-1: Foul Ball, location: 2F
1-2: Ball
2-2: Ball
3-2: Foul Ball, location: 2F
3-2: Strikes out looking
Top of the 4th over - 0 runs, 0 hits, 0 errors, 0 left on base; Visalia 1 - Modesto 2
BOTTOM OF THE 4TH
Modesto Nuts batting - Pitching for Visalia Rawhide : RHP Matt Hamm
Batting: RHB Tom Caruso 0-0: Called Strike
0-1: Called Strike
0-2: Strikes out looking
Batting: LHB Josh Pilz 0-0: Ground out 6-3 (Groundball, 6, EV 81.3 MPH)
Batting: RHB Julio Carias 0-0: Ball
1-0: Ground out 4-3 (Groundball, 4, EV 103.8 MPH)
Bottom of the 4th over - 0 runs, 0 hits, 0 errors, 0 left on base; Visalia 1 - Modesto 2
TOP OF THE 5TH
Visalia Rawhide batting - Pitching for Modesto Nuts : LHP Cody Kane
Batting: RHB Keith Turner 0-0: Ball
1-0: Ball
2-0: Called Strike
2-1: SINGLE (Groundball, 25, EV 68.1 MPH) (infield hit)
Batting: RHB Mike States 0-0: Ball
1-0: Foul Ball, location: 2F
1-1: Ball
2-1: Foul Ball, location: 2F
2-2: Strikes out looking
Batting: RHB Matt Hamm 0-0: Called Strike
0-1: Sac Bunt to P - play at first, batter OUT! 1-4
Keith Turner to second
Batting: RHB Mike Dagley 0-0: Called Strike
0-1: Ball
1-1: Fly out, F2 (Popup, 3SF, EV 76.3 MPH)
Top of the 5th over - 0 runs, 1 hit, 0 errors, 1 left on base; Visalia 1 - Modesto 2
BOTTOM OF THE 5TH
Modesto Nuts batting - Pitching for Visalia Rawhide : RHP Matt Hamm
Batting: LHB Cody Kane 0-0: Swinging Strike
0-1: Swinging Strike
0-2: Strikes out swinging
Batting: LHB Juan Marin 0-0: Called Strike
0-1: Ball
1-1: Fly out, F8 (Line Drive, 8LD, EV 86.9 MPH)
Batting: RHB Emil Wilbrink 0-0: Fly out, F8 (Flyball, 8LM, EV 93.8 MPH)
Bottom of the 5th over - 0 runs, 0 hits, 0 errors, 0 left on base; Visalia 1 - Modesto 2
TOP OF THE 6TH
Visalia Rawhide batting - Pitching for Modesto Nuts : LHP Cody Kane
Batting: RHB Cody Anderson 0-0: Foul Ball, location: 2F
0-1: Called Strike
0-2: Strikes out swinging
Batting: LHB Phil Lomax 0-0: Called Strike
0-1: Ball
1-1: Ball
2-1: Called Strike
2-2: Foul Ball, location: 2F
2-2: Ball
3-2: Strikes out swinging
Batting: RHB Jose Garcia 0-0: Ball
1-0: SINGLE (Groundball, 25, EV 70.0 MPH) (infield hit)
Batting: LHB Juan Gonzalez Pickoff Throw to First - Out! 1-3
Top of the 6th over - 0 runs, 1 hit, 0 errors, 0 left on base; Visalia 1 - Modesto 2
BOTTOM OF THE 6TH
Modesto Nuts batting - Pitching for Visalia Rawhide : RHP Matt Hamm
Pitching: RHP Gary MacAulay
Batting: RHB Andy Flaherty 0-0: Ball
1-0: Called Strike
1-1: Foul Ball, location: 2F
1-2: Foul Ball, location: 2F
1-2: SINGLE (Groundball, 56S, EV 66.3 MPH) (infield hit)
Batting: RHB Tanner Beachler 0-0: Called Strike
0-1: Ball
1-1: Ball
2-1: DOUBLE (Line Drive, 89D, EV 104.4 MPH)
Andy Flaherty to third
Batting: RHB Hidenori Teshima 0-0: Called Strike
0-1: Ball
1-1: Fly out, F9 (Flyball, 9D, EV 106.9 MPH)
Runner from 3rd tags up, SCORES, no throw by RF
Tanner Beachler to third
Batting: RHB Tom Caruso 0-0: Swinging Strike
0-1: Ground out 5-3 (Groundball, 56S, EV 70.0 MPH)
Tanner Beachler scores
Batting: LHB Josh Pilz 0-0: DOUBLE (Line Drive, 7LM, EV 101.9 MPH)
Batting: RHB Julio Carias 0-0: Intentional Walk
Batting: LHB Cody Kane 0-0: Ball
1-0: Fly out, F8 (Flyball, 8LD, EV 99.4 MPH)
Bottom of the 6th over - 2 runs, 3 hits, 0 errors, 2 left on base; Visalia 1 - Modesto 4
TOP OF THE 7TH
Visalia Rawhide batting - Pitching for Modesto Nuts : LHP Cody Kane
Batting: LHB Juan Gonzalez 0-0: Ground out U3 (Groundball, 3S, EV 86.3 MPH)
Batting: RHB Bill Hainey 0-0: Ball
1-0: Fly out, F8 (Line Drive, 8LD, EV 102.5 MPH)
Batting: RHB Keith Turner 0-0: Ground out 5-3 (Groundball, 25, EV 84.4 MPH)
Top of the 7th over - 0 runs, 0 hits, 0 errors, 0 left on base; Visalia 1 - Modesto 4
BOTTOM OF THE 7TH
Modesto Nuts batting - Pitching for Visalia Rawhide : RHP Gary MacAulay
Batting: LHB Juan Marin 0-0: Ball
1-0: Ball
2-0: Ball
3-0: Called Strike
3-1: Swinging Strike
3-2: Ground out U3 (Groundball, 34, EV 80.6 MPH)
Batting: RHB Emil Wilbrink 0-0: Called Strike
0-1: SINGLE (Line Drive, 78S, EV 103.8 MPH)
Batting: RHB Andy Flaherty Pickoff Throw to First - Error! E1
Emil Wilbrink to second
0-0: Ball
1-0: Foul Ball, location: 2F
1-1: Ball
2-1: Ball
Wild Pitch!
Emil Wilbrink to third
3-1: Foul Ball, location: 2F
3-2: Fly out, F7 (Flyball, 78M, EV 88.8 MPH)
Runner from 3rd tags up, SCORES, no throw by LF
Batting: RHB Tanner Beachler 0-0: Called Strike
0-1: Ball
1-1: SINGLE (Groundball, 6D, EV 103.1 MPH)
Pitching: RHP Andrew Clubb
Batting: RHB Hidenori Teshima 0-0: Called Strike
0-1: Ball
1-1: SINGLE (Line Drive, 4M, EV 111.3 MPH)
Tanner Beachler to second
Runner from 2nd tries for 3rd, OUT! 8-5
Bottom of the 7th over - 1 run, 3 hits, 1 error, 1 left on base; Visalia 1 - Modesto 5
TOP OF THE 8TH
Visalia Rawhide batting - Pitching for Modesto Nuts : LHP Cody Kane
Batting: RHB Mike States 0-0: Ball
1-0: Foul Ball, location: 2F
1-1: Reached on error, E5 (Groundball, 56S, EV 71.3 MPH)
Pinch Hitting: RHB Jose Valdez 0-0: Ball
1-0: Foul Ball, location: 2F
1-1: Foul Ball, location: 2F
1-2: Foul Ball, location: 2F
1-2: Foul Ball, location: 2F
1-2: Strikes out looking
Batting: RHB Mike Dagley 0-0: Foul Ball, location: 2F
0-1: Ball
1-1: Swinging Strike
1-2: Ball
2-2: Foul Ball, location: 2F
2-2: Foul Ball, location: 2F
2-2: Strikes out looking
Pitching: RHP Trevon Smith
Batting: RHB Cody Anderson 0-0: Ball
1-0: Ball
2-0: Swinging Strike
2-1: Swinging Strike
2-2: Ball
3-2: Foul Ball, location: 2F
3-2: Foul Ball, location: 2F
3-2: Strikes out looking
Top of the 8th over - 0 runs, 0 hits, 1 error, 1 left on base; Visalia 1 - Modesto 5
BOTTOM OF THE 8TH
Modesto Nuts batting - Pitching for Visalia Rawhide : RHP Andrew Clubb
Pitching: RHP John Grashel
Batting: RHB Tom Caruso 0-0: Ball
1-0: Ball
2-0: Foul Ball, location: 2F
2-1: Swinging Strike
2-2: Foul Ball, location: 2F
2-2: Fly out, F8 (Flyball, 8RD, EV 81.3 MPH)
Batting: LHB Josh Pilz 0-0: Ball
1-0: Called Strike
1-1: Ball
2-1: Fly out, F6 (Popup, 6, EV 56.9 MPH)
Batting: RHB Julio Carias 0-0: Called Strike
0-1: SINGLE (Line Drive, 9S, EV 98.8 MPH)
Pinch Hitting: RHB Austin McKnight 0-0: Foul Ball, location: 2F
0-1: Called Strike
0-2: Foul Ball, location: 2F
0-2: Foul Ball, location: 2F
0-2: Ball
1-2: Ball
2-2: Reached on error, E4 (Groundball, 4, EV 78.1 MPH)
Julio Carias to second
Batting: LHB Juan Marin 0-0: Foul Ball, location: 2F
0-1: Swinging Strike
0-2: Ball
1-2: Ball
2-2: Foul Ball, location: 2F
2-2: Foul Ball, location: 2F
2-2: Ball
3-2: Ground out 4-3 (Groundball, 13, EV 85.6 MPH)
Bottom of the 8th over - 0 runs, 1 hit, 1 error, 2 left on base; Visalia 1 - Modesto 5
TOP OF THE 9TH
Visalia Rawhide batting - Pitching for Modesto Nuts : RHP Trevon Smith
Pitching: RHP Pete Silveira
Batting: LHB Phil Lomax 0-0: Called Strike
0-1: Fly out, F8 (Line Drive, 8LM, EV 93.1 MPH)
Batting: RHB Jose Garcia 0-0: Called Strike
0-1: Called Strike
0-2: Ball
1-2: Foul Ball, location: 2F
1-2: Strikes out swinging
Batting: LHB Juan Gonzalez 0-0: Swinging Strike
0-1: Ball
1-1: Ball
2-1: Swinging Strike
2-2: Strikes out swinging
Top of the 9th over - 0 runs, 0 hits, 0 errors, 0 left on base; Visalia 1 - Modesto 5
Wednesday, June 22nd , 2022 - OOTP Baseball 23.4 Build 64